 Dungeon Crawl Stone Soup version 0.25-a0-464-g3004169c2b (webtiles) character file.

Game seed: 11952314880058897086, levelgen mode: deterministic

2356 Kohma the Blocker (level 9, -1/79 HPs)
             Began as a Minotaur Fighter on Feb 5, 2020.
             Was a Priest of Okawaru.
             Slain by a hog (8 damage)
             ... on level 7 of the Dungeon.
             The game lasted 00:17:12 (7133 turns).

Kohma the Blocker (Minotaur Fighter)                Turns: 7133, Time: 00:17:13

Health: -1/79      AC: 13    Str: 23    XL:     9   Next: 20%
Magic:  6/8        EV: 10    Int:  5    God:    Okawaru [***...]
Gold:   384        SH: 18    Dex: 11    Spells: 8/8 levels left

rFire    . . .     SeeInvis .   a - +0 long sword
rCold    . . .     Gourm    .   c - +1 shield
rNeg     . . .     Faith    .   e - +0 chain mail
rPois    .         Spirit   .   (helmet restricted)
rElec    .         Reflect  .   t - +0 cloak
rCorr    +         Harm     .   (no gloves)
MR       .....     Clarity  +   (no boots)
Stlth    ..........             (no amulet)
HPRegen  0.23/turn              i - ring of resist corrosion
MPRegen  0.11/turn              (no ring)

@: heroism
A: retaliatory headbutt, horns 2, large bone plates 1, clarity
a: Heroism, Renounce Religion


You were on level 7 of the Dungeon.
You worshipped Okawaru.
Okawaru was most pleased with you.
You were hungry.

You visited 2 branches of the dungeon, and saw 8 of its levels.

You collected 384 gold pieces.

Inventory:

Hand Weapons
 a - a +0 long sword (weapon)
Missiles
 g - 43 poisoned darts (quivered)
 l - 6 javelins
Armour
 c - a +1 shield (worn)
 e - a +0 chain mail (worn)
 t - a +0 cloak (worn)
Jewellery
 i - a ring of resist corrosion (left hand)
 j - an uncursed ring of positive energy {unknown}
Wands
 h - a wand of acid (7)
Scrolls
 b - 2 scrolls of teleportation
 k - 4 scrolls of identify
 m - 3 scrolls of remove curse
 r - 2 scrolls of amnesia
Potions
 d - a potion of might
 n - 3 potions of agility
 o - a potion of lignification {unknown}
 p - 4 potions of curing
 q - 2 potions of flight
Comestibles
 f - 10 rations


   Skills:
 - Level 7.0(12.0) Fighting
 * Level 8.9(13.9) Long Blades
 - Level 7.0(12.0) Armour
 * Level 9.3(14.3) Shields


You had 8 spell levels left.
You didn't know any spells.
Your spell library was empty.

Dungeon Overview and Level Annotations

Branches:
Dungeon (7/15)             Temple (1/1) D:7

Altars:
Cheibriados
Dithmenos
Elyvilon
Fedhas
Gozag
Hepliaklqana
Makhleb
Nemelex Xobeh
Okawaru
Qazlal
Sif Muna
Trog
Uskayaw
Vehumet
Wu Jian
Xom
Yredelemnul
Zin
The Shining One

Shops:
D:6 (


Innate Abilities, Weirdness & Mutations

You reflexively headbutt those who attack you in melee.
You have a pair of horns on your head.
You are partially covered in large bone plates. (SH +4)
You possess an exceptional clarity of mind.


Message History

You hit the hog. Your headbutt misses the hog.
The hog is moderately wounded.
The hog bites you.
* * * LOW HITPOINT WARNING * * *
Your chain mail prevents you from hitting the hog.
The hog is moderately wounded.
You block the hog's attack.
You barely miss the hog.
The hog is moderately wounded.
You block the hog's attack. The hog bites you!
* * * LOW HITPOINT WARNING * * *
You block the hog's attack.
Okay, then.
You gain the combat prowess of a mighty hero.
The hog bites you.
* * * LOW HITPOINT WARNING * * *
You closely miss the hog. Your headbutt misses the hog.
The hog is moderately wounded.
The hog bites you!
You die...

#%.#..# #.....^##...##....
#..'..# #####..#8..##.....
#).#..# ##.#.>.#..###.
#..#..# #.#8..##.# #.
##Y##### #.##...### #. #.h.#
#.###..8####. ##.##
#..###..'....
#.################.####8#....
#........Yhh@....#.##.###....
######.#########.#..#.# #)...
#.#.......#.##.#.# #....
#.#.#.....#.##.#.###....
###'#.##.####.##...##..#..
#.....#<........#..##.....
#.....#...###...#..##.⌠8..
#.....#...# #...#.........
###
#.....#...###...##.(>.⌠8.(


You could see a yak and 2 hogs.

Vanquished Creatures
  A hippogriff (D:7)
  A hog (D:7)
  A human (D:7)
  2 orc warriors (D:7)
  A black bear (D:6)
  2 phantoms
  An ogre (D:6)
  3 centaurs
  A bullfrog (D:6)
  A scorpion (D:6)
  3 wights (D:6)
  A crimson imp (D:6)
  4 orc priests
  2 bullfrog skeletons (D:7)
  2 hounds
  2 jellies (D:6)
  A centaur skeleton (D:7)
  5 orc wizards
  2 worker ants (D:5)
  A hound skeleton (D:4)
  A howler monkey skeleton (D:4)
  12 adders
  6 gnolls
  A shadow imp (D:6)
  4 oozes
  An adder skeleton (D:6)
  5 dart slugs
  10 leopard geckos
  17 orcs
  13 bats
  5 giant cockroaches
  10 goblins
  12 hobgoblins
  9 jackals
  8 kobolds
  4 quokkas
  A ball python (D:3)
  A ball python skeleton (D:6)
  9 frilled lizards
  A jackal skeleton (D:4)
  2 leopard gecko skeletons
  10 rats
179 creatures vanquished.

Notes
Turn   | Place    | Note
-------+----------+-------------------------------------------
     0 | D:1      | Kohma the Minotaur Fighter began the quest for the Orb.
     0 | D:1      | Reached XP level 1. HP: 19/19 MP: 0/0
   154 | D:1      | Reached XP level 2. HP: 12/27 MP: 1/1
   334 | D:1      | Reached skill level 4 in Shields
   803 | D:1      | Reached XP level 3. HP: 28/33 MP: 2/2
  1341 | D:2      | Reached XP level 4. HP: 40/40 MP: 3/3
  1526 | D:2      | Found an iron altar of Okawaru.
  1534 | D:2      | Became a worshipper of Warmaster Okawaru
  1869 | D:2      | Reached skill level 5 in Shields
  1869 | D:2      | Reached XP level 5. HP: 42/47 MP: 4/4
  2416 | D:3      | Gained mutation: You possess an exceptional clarity of
                  | mind. [potion of mutation]
  2416 | D:3      | Gained mutation: You are partially covered in large bone
                  | plates. (SH +4) [potion of mutation]
  2416 | D:3      | HP: 2/47 [poisoned by an adder]
  3294 | D:4      | Reached XP level 6. HP: 44/53 MP: 5/5
  3420 | D:4      | Found a burning altar of Makhleb.
  3422 | D:4      | Found an opulent altar of Gozag.
  3422 | D:4      | Found a burning altar of Makhleb.
  3424 | D:4      | Found a snail-covered altar of Cheibriados.
  3424 | D:4      | Found a basalt altar of Yredelemnul.
  3424 | D:4      | Found a shimmering altar of Xom.
  3526 | D:4      | Reached skill level 5 in Long Blades
  3555 | D:4      | Reached skill level 5 in Fighting
  3555 | D:4      | Reached skill level 6 in Shields
  3603 | D:5      | Entered Level 5 of the Dungeon
  3703 | D:5      | Reached * piety under Okawaru
  3703 | D:5      | Reached skill level 5 in Armour
  3766 | D:5      | Reached XP level 7. HP: 42/61 MP: 6/6
  4529 | D:6      | Found a glowing silver altar of Zin.
  4529 | D:6      | Found an ornate altar of the Wu Jian Council.
  4559 | D:6      | Reached skill level 7 in Shields
  4567 | D:6      | Reached ** piety under Okawaru
  4786 | D:6      | Found a hide-covered altar of Uskayaw.
  4817 | D:6      | Found Hyafut Wede's Antique Weapon Boutique.
  4951 | D:6      | Reached XP level 8. HP: 69/70 MP: 7/7
  5456 | D:6      | Found a shimmering blue altar of Sif Muna.
  5491 | D:6      | Reached skill level 8 in Shields
  6031 | D:7      | Found a staircase to the Ecumenical Temple.
  6047 | Temple   | Entered the Ecumenical Temple
  6454 | D:7      | Noticed a hippogriff
  6464 | D:7      | Killed a hippogriff
  6464 | D:7      | Reached *** piety under Okawaru
  6801 | D:7      | Reached skill level 9 in Shields
  6801 | D:7      | Reached XP level 9. HP: 28/78 MP: 8/8
  7133 | D:7      | Slain by a hog

Levels and vault maps discovered:
D:1:      nagdon_arrival_zigzag_paths, layout_basic
D:2:      layout_loops_corners, okawaru_altar_gauntlet_db,
          minmay_fractal_squares_5
D:3:      layout_rooms, minivault_11
D:4:      layout_rooms, doesnt_xom_only_xom, first_ration
D:5:      layout_basic, corexii_hall_statues_t
D:6:      layout_loops_corners, led_sif_pool, marbit_many_paths,
          gammafunk_temple_overflow_wave, serial_shops, shop,
          kennysheep_generic_room_16
D:7:      layout_basic, minmay_temple_entry_drinking_statues, grunt_livestock,
          grunt_ministairs_8
Temple:   minmay_temple_bridge_abc

Skill      XL: |  1  2  3  4  5  6  7  8  9 |
---------------+----------------------------+-----
Shields        | 4 5 6 7 9 |  9.3
Long Blades    | 3 4 5 6 8 |  8.9
Fighting       | 4 5 6 7 |  7.0
Armour         | 4 5 6 7 |  7.0

Action                   |  1- 3 |  4- 6 |  7- 9 || total
-------------------------+-------+-------+-------++-------
Melee: Long sword        |    76 |   265 |   261 ||   602
       Headbutt          |     7 |    42 |    65 ||   114
Invok: Heroism           |       |       |     1 ||     1
  Use: Scroll            |       |    10 |     2 ||    12
       Potion            |       |     4 |     1 ||     5
  Eat: Chunk             |     1 |     9 |    10 ||    20
Armor: Scale mail        |    34 |   119 |       ||   153
       Chain mail        |       |    54 |    83 ||   137
Dodge: Dodged            |    25 |    82 |    34 ||   141
Block: Shield            |    58 |   232 |   197 ||   487
       Rpst.: Long sword |    10 |    22 |     7 ||    39

Table legend:
 A = Non-vault XP
 B = Vault XP
 C = Vault XP percentage of total XP
 D = Non-vault monster count
 E = Vault monster count
 F = Vault count percentage of total count
                 A         B        C        D         E       F
            +---------+---------+-------+---------+---------+-------
      Total |    2741 |     626 |  18.6 |     156 |      23 |  12.8
            +---------+---------+-------+---------+---------+-------
        D:1 |      49 |       0 |   0.0 |      23 |       0 |   0.0
        D:2 |     108 |      50 |  31.6 |      31 |      15 |  32.6
        D:3 |      99 |       0 |   0.0 |      31 |       0 |   0.0
        D:4 |     314 |       0 |   0.0 |      22 |       0 |   0.0
        D:5 |     350 |       0 |   0.0 |       7 |       0 |   0.0
        D:6 |     969 |      92 |   8.7 |      24 |       4 |  14.3
        D:7 |     852 |     484 |  36.2 |      18 |       4 |  18.2
            +---------+---------+-------+---------+---------+-------
